 Dungeon Crawl Stone Soup version 0.29-a0-582-ge82337ba6a (webtiles) character file.

Game seed: 11448917146315247159

212 DocClef the Skirmisher (level 5, -3/70 HPs)
             Began as a Draconian Fighter on June 14, 2022.
             Slain by an orc wizard
             ... wielding a +0 dagger of venom
              (4 damage)
             ... on level 4 of the Dungeon.
             The game lasted 00:02:54 (3330 turns).

DocClef the Skirmisher (Draconian Fighter)          Turns: 3330, Time: 00:02:55

Health: -3/70      AC:  5    Str: 18    XL:     5   Next: 58%
Magic:  5/5        EV: 12    Int:  8    God:
Gold:   236        SH:  0    Dex: 13    Spells: 4/4 levels left

rFire   + . .      SeeInvis .   a - +0 long sword
rCold   . . .      Faith    .   b - +0 buckler
rNeg    . . .      Spirit   .   (body armour unavailable)
rPois   .          Reflect  .   (helmet restricted)
rElec   .          Harm     .   (no cloak)
rCorr   .          Rampage  .   (no gloves)
Will    .....                   (no boots)
Stlth   ..........              (no amulet)
HPRegen 0.21/turn               h - ring of protection from fire
MPRegen 0.09/turn               (no ring)

@: confused, brilliant, berserking, lethally poisoned (-3 -> -15), very quick
A: AC +5, unfitting armour, cold-blooded, evolution 1, MP-powered wands
a: no special abilities


You were on level 4 of the Dungeon.
You visited 1 branch of the dungeon, and saw 4 of its levels.

You collected 249 gold pieces.
You spent 13 gold pieces at shops.

Inventory:

Hand Weapons
 a - a +0 long sword (weapon)
Armour
 b - a +0 buckler (worn)
Jewellery
 h - a ring of protection from fire (left hand)
Scrolls
 d - 2 scrolls of teleportation {unknown}
 f - a scroll of amnesia {unknown}
 i - 2 scrolls of identify {unknown}
 k - a scroll of magic mapping {unknown}
 l - a scroll of enchant armour {unknown}
 m - 2 scrolls of brand weapon {unknown}
 o - a scroll of silence {unknown}
 p - a scroll of immolation {unknown}
Potions
 c - 3 potions of might
 j - a potion of mutation


   Skills:
 + Level 4.4 Fighting
 + Level 3.4 Long Blades
 + Level 3.6 Dodging
 + Level 4.1 Shields


You had 4 spell levels left.
You didn't know any spells.
Your spell library contained the following spells:

 Spells                   Type           Power      Damage    Failure   Level
 Foxfire                  Conj/Fire      0%         2x1d4     50%         1
 Conjure Flame            Conj/Fire      0%         6-21      86%         3
 Inner Flame              Hex/Fire       0%         N/A       86%         3
 Flame Wave               Conj/Fire      0%         2d4       99%         4


Dungeon Overview and Level Annotations

Branches:
Dungeon (4/15)
 Temple: D:4-7

Altars:

Shops:
D:3 :!=[[

Annotations:
D:3 1 runed translucent door, 2 transporters, DocClef's ghost, weakling DrDe


Innate Abilities, Weirdness & Mutations

Your plain brown scales are hard. (AC +5)
You cannot fit into any form of body armour.
You are cold-blooded and may be slowed by cold attacks.
You have hidden genetic potential.
You expend magic power (3 MP) to strengthen your wands.


Message History

You feel better. Something hits you but does no damage.
You are poisoned.
You hit something.
You feel sick. Something hits you but does no damage.
You are more poisoned.
You hit something.
You feel very sick. Something hits you.
It was a potion of brilliance.
You feel clever all of a sudden.
You feel sick. Something hits you.
* * * LOW HITPOINT WARNING * * *
You barely miss something.
You feel sick. Something hits you.
* * * LOW HITPOINT WARNING * * *
You are lethally poisoned!
You hear some strange, mumbled words.
You are confused.
It was a potion of mutation.
You feel extremely strange.
You feel your magical essence link to the dungeon's wands.
You feel a hidden potential growing inside you.
* * * LOW HITPOINT WARNING * * *
You feel very sick.
You hear some strange, mumbled words.
You are more confused.
It was a potion of berserk rage.
A red film seems to cover your vision as you go berserk!
You feel yourself moving faster!
You feel mighty!
* * * LOW HITPOINT WARNING * * *
You feel very sick. Something hits you.
* * * LOW HITPOINT WARNING * * *
You are more poisoned.
You bump into the rock wall.
You feel a strong urge to attack something.
* * * LOW HITPOINT WARNING * * *
You feel sick.
You closely miss something.
* * * LOW HITPOINT WARNING * * *
You feel very sick. Something hits you.
You die...

.# ####...####.# .#
###.........#.# .#
#...........††# .#
#...........#.#
.###....#...####.#
.#..........####.#
.#...............#
.#.........#####.#
........#### #@#
####....########{#
#...............o##
#.#####...........#
#.# .#####.##.)#
#.#####.# #. #..#
#.#.....# # #..#
......### #..#
#.....####### #...


You could see an orc.

Vanquished Creatures
  A jelly (D:4)
  An orc priest (D:4)
  An iguana (D:3)
  A gnoll (D:3)
  4 adders
  A worm (D:3)
  2 dart slugs (D:2)
  4 orcs
  3 ball pythons
  6 bats
  7 endoplasms
  5 giant cockroaches
  6 hobgoblins
  3 jackals (D:2)
  4 kobolds
  6 quokkas
  5 frilled lizards
  4 goblins
  4 rats
68 creatures vanquished.

Notes
Turn   | Place    | Note
-------+----------+-------------------------------------------
     0 | D:1      | DocClef the Draconian Fighter began the quest for the Orb.
     0 | D:1      | Reached XP level 1. HP: 19/19 MP: 1/1
     1 | D:1      | Noticed an electric eel
   375 | D:1      | Reached XP level 2. HP: 25/26 MP: 2/2
   619 | D:1      | Found a faded altar of an unknown god.
   981 | D:2      | Reached XP level 3. HP: 24/33 MP: 3/3
  1526 | D:3      | Reached XP level 4. HP: 26/40 MP: 4/4
  2089 | D:3      | Found Attoar's Antique Armour Emporium.
  2355 | D:3      | Found a runed translucent door.
  2361 | D:3      | Noticed DocClef's ghost (weakling DrDe)
  2381 | D:3      | Found Puliecid's Distillery.
  2389 | D:3      | Bought a potion of degeneration for 13 gold pieces
  2411 | D:3      | Found Nuly's Jewellery Boutique.
  2422 | D:3      | Found a transporter.
  2428 | D:3      | Noticed a kobold demonologist
  2509 | D:3      | Found Havus's Book Boutique.
  2557 | D:3      | Found a transporter.
  2807 | D:3      | Found Onuuneryni's Armour Shoppe.
  2964 | D:4      | Reached XP level 5. HP: 46/46 MP: 5/5
  3327 | D:4      | Gained mutation: You expend magic power (3 MP) to
                  | strengthen your wands. [potion of mutation]
  3327 | D:4      | Gained mutation: You have hidden genetic potential. [potion
                  | of mutation]
  3330 | D:4      | HP: 1/70 [poisoned by an orc wizard]
  3330 | D:4      | Slain by an orc wizard

Illustrated notes

Levels and vault maps discovered:
D:1:      arrival_aquarium_a, layout_basic, ebering_ecumenical_altar_rust
D:2:      layout_rooms
D:3:      gammafunk_wand_slinger, layout_loops_ring, serial_shops,
          nicolae_square_shop, nicolae_shop_statue_plus, shop, shop,
          nicolae_square_shop, ebering_ghost_sewer_d, hangedman_decor_opposing,
          amcnicky_mini_pool_small, minmay_increasing_density
D:4:      layout_loops_ring

Skill      XL: |  1  2  3  4  5 |
---------------+----------------+-----
Dodging        | 3 |  3.6
Fighting       | 4 |  4.4
Long Blades    | 3 |  3.4
Shields        | 4 |  4.1

Action                   |  1- 3 |  4- 6 || total
-------------------------+-------+-------++-------
Melee: Long sword        |   126 |   104 ||   230
       Tailslap          |     9 |    10 ||    19
  Use: Potion            |       |     5 ||     5
 Stab: Sleeping          |       |     2 ||     2
Armor: Skin              |    53 |    38 ||    91
Dodge: Dodged            |    96 |    76 ||   172
Block: Buckler           |    28 |    15 ||    43

Table legend: (Time is in decaauts)
 A = Elapsed time spent in this place.
 B = Non-inter-level travel time spent in this place.
 C = Inter-level travel time spent in this place.
 D = Time resting spent in this place.
 E = Time spent auto-exploring this place.
 F = Levels seen in this place.
 G = Mean time per level.
                   A        B        C        D        E       F      G
               +--------+--------+--------+--------+--------+-----+--------+
         Total |   3400 |   3337 |     63 |    500 |   2291 |   4 |  850.0 |
       Dungeon |   3400 |   3337 |     63 |    500 |   2291 |   4 |  850.0 |
               +--------+--------+--------+--------+--------+-----+--------+

Top non-repeatable levels by time:
     D:3: 1449 daAuts
     D:1: 966 daAuts
     D:2: 574 daAuts
     D:4: 410 daAuts
